 Dungeon Crawl Stone Soup version 0.31-a0-1405-g2bb1a01664 (webtiles) character file.

Game seed: 16434492302782221635

2825178 jt the Hoplite (level 27, 234/234 HPs)
             Began as a Naga Alchemist on Dec 25, 2023.
             Was the Champion of Hepliaklqana.
             Escaped with the Orb
             ... and 4 runes
             ... and 4 gems on Dec 26, 2023!
             The game lasted 06:58:02 (65336 turns).

jt the Hoplite (Naga Alchemist)                    Turns: 65336, Time: 06:58:02

Health: 234/234    AC: 40    Str: 21    XL:     27
Magic:  42/42      EV: 11    Int: 35    God:    Hepliaklqana [******]
Gold:   6164       SH: 24    Dex: 10    Spells: 6/56 levels left

rFire   + . .        a - +9 demon trident (flame)
rCold   + . .        n - +3 tower shield of Qazlal's Approval {rC+ rN+ Dex-4}
rNeg    + + .        k - +1 robe of the Solstice {rPois Int+3 Archmagi}
rPois   +            y - +2 helmet
rElec   +            v - +4 dragonskin cloak
rCorr   +            H - +2 pair of gloves {hurl}
SInv    +            c - +7 barding of the Lotus Blossom {Dex+3}
Will    +++++        m - amulet "Boepna" {Will++ Regen+ Stlth+}
Stlth   ++           Q - ring of Wocig {^Contam Fly rElec rF+ rCorr Int+6}
HPRegen 1.39/turn    K - ring "Onauheli" {+Blink rN+ Str+6 SInv}
MPRegen 0.28/turn

%: archmagi
@: flying, studying 3 skills, very slow
A: reduced essence, AC +9, large, see invisible, deformed body, poison
resistance, slowness 2, spit poison 1, naga tail 2, iridescent scales 1,
deterioration 1, inability to read after injury 1
0: Orb of Zot
}: 4/15 runes: decaying, slimy, silver, gossamer
a: Spit Poison, Renounce Religion, Evoke Blink, Recall Ancestor, Ancestor
Identity, Transference, Idealise


You escaped.
You worshipped Hepliaklqana.
Hepliaklqana was exalted by your worship.
You visited 13 branches of the dungeon, and saw 57 of its levels.
You also visited: Bailey, Ice Cave and Desolation.

You collected 8626 gold pieces.
You spent 2462 gold pieces at shops.

Inventory:

Hand Weapons
 a - a +9 demon trident of flaming (weapon)
Missiles
 X - 4 curare-tipped darts
Armour
 c - the +7 barding of the Lotus Blossom (worn) {Dex+3}
   (You acquired it on level 7 of the Dungeon)

   Dex+3:     It affects your dexterity (+3).
 k - the +1 robe of the Solstice (worn) {rPois Int+3 Archmagi}
   (You took it off an orc wizard on level 12 of the Dungeon)

   Int+3:     It affects your intelligence (+3).
   rPois:     It protects you from poison Archmagi: It increases the power of
   your magical spells.
 n - the +3 tower shield of Qazlal's Approval (worn) {rC+ rN+ Dex-4}
   (You found it in a bailey)

   Dex-4:     It affects your dexterity (-4).
   rC+:       It protects you from cold.
   rN+:       It protects you from negative energy.
 v - the +4 dragonskin cloak (worn)
   (You took it off Tiamat on level 2 of the Realm of Zot)

   Avatar's Aegis: It grants the wearer a chance to resist fire, cold, poison,
   electricity, acid, and negative energy.
 y - a +2 helmet (worn)
 H - a +2 pair of gloves of hurling (worn)
Jewellery
 m - the amulet "Boepna" (around neck) {Will++ Regen+ Stlth+}
   (You found it in the Desolation of Salt)

   [amulet of regeneration]

   Will++:    It greatly increases your willpower.
   Regen+:    It increases your rate of health regeneration.
   Stlth+:    It makes you more stealthy.
 s - the ring of Ethroeg {rF+ rN+ rCorr Dex+5 Stlth+}
   (You bought it in a shop on level 1 of the Orcish Mines)

   [ring of protection from fire]

   Dex+5:     It affects your dexterity (+5).
   rF+:       It protects you from fire.
   rN+:       It protects you from negative energy.
   rCorr:     It protects you from acid and corrosion.
   Stlth+:    It makes you more stealthy.
 B - the ring of Keyqaop {rF++ MP+9 Int+4 Stlth-}
   (You took it off a deep elf master archer on level 3 of the Elven Halls)

   [ring of magical power]

   Int+4:     It affects your intelligence (+4).
   rF++:      It greatly protects you from fire.
   MP+9:      It affects your magic capacity (+9).
   Stlth-:    It makes you less stealthy.
 K - the ring "Onauheli" (right hand) {+Blink rN+ Str+6 SInv}
   (You found it on level 3 of the Lair of Beasts)

   [ring of strength]

   Str+6:     It affects your strength (+6).
   rN+:       It protects you from negative energy.
   SInv:      It lets you see invisible.
   +Blink:    It lets you blink.
 Q - the ring of Wocig (left hand) {^Contam Fly rElec rF+ rCorr Int+6}
   (You bought it in a shop on level 13 of the Dungeon)

   [ring of intelligence]

   Int+6:     It affects your intelligence (+6).
   rF+:       It protects you from fire.
   rElec:     It insulates you from electricity.
   Fly:       It grants you flight.
   ^Contam:   It causes magical contamination when unequipped.
   rCorr:     It protects you from acid and corrosion.
Wands
 h - a wand of flame (82)
 o - a wand of digging (15)
 J - a wand of quicksilver (25)
 M - a wand of paralysis (44)
 N - a wand of roots (42)
 R - a wand of polymorph (13)
 V - a wand of mindburst (58)
Scrolls
 e - 21 scrolls of teleportation
 f - a scroll of torment
 l - 6 scrolls of blinking
 t - 10 scrolls of vulnerability
 u - 8 scrolls of fear
 w - 4 scrolls of butterflies
 z - 7 scrolls of immolation
 A - 2 scrolls of amnesia
 E - 8 scrolls of poison
 L - 2 scrolls of enchant armour
 P - 13 scrolls of fog
 W - 3 scrolls of silence
 Z - a scroll of enchant weapon
Potions
 d - 20 potions of curing
 g - 4 potions of invisibility
 i - 11 potions of heal wounds
 p - 5 potions of mutation
 r - 2 potions of haste
 C - 2 potions of resistance
 D - 7 potions of ambrosia
 F - 3 potions of might
 G - 3 potions of berserk rage
 O - 2 potions of brilliance
 S - 8 potions of enlightenment
 T - 3 potions of cancellation
Miscellaneous
 j - a phantom mirror
 q - a phial of floods
 x - a box of beasts
 U - a tin of tremorstones (2/2)
 Y - a lightning rod (4/4)


   Skills:
 + Level 17.8 Fighting
 - Level 14.0 Polearms
 - Level 14.0 Armour
 + Level 12.1 Dodging
 - Level 9.0 Stealth
 - Level 21.4 Shields
 + Level 15.3 Spellcasting
 - Level 11.3 Conjurations
 - Level 8.0 Hexes
 - Level 13.0 Translocations
 - Level 8.0 Fire Magic
 - Level 3.0 Air Magic
 + Level 8.4 Earth Magic
 - Level 17.3 Alchemy
 - Level 16.7 Invocations
 - Level 10.0 Evocations


You had 6 spell levels left.
You knew the following spells:

 Your Spells              Type           Power      Damage    Failure   Level
a - Apportation           Tloc           100%       N/A       0%          1
b - Iskenderun's Mystic   Conj/Tloc      100%       2d19      1%          4
c - Mephitic Cloud        Conj/Alch/Air  100%       N/A       1%          3
d - Olgreb's Toxic Radia  Alch           100%       N/A       1%          4
e - Sticky Flame          Fire/Alch      100%       2d15      1%          4
f - Irradiate             Conj/Alch      56%        3d30      1%          5
g - Ignite Poison         Fire/Alch      100%       N/A       1%          4
h - Yara's Violent Unrav  Hex/Alch       53%        3d20      1%          5
i - Eringya's Noxious Bo  Alch           61%        4d6       1%          6
j - Dispersal             Tloc           54%        N/A       1%          6
k - Leda's Liquefaction   Alch/Erth      54%        N/A       1%          4
l - Vhi's Electric Charg  Tloc/Air       100%       N/A       1%          4

Your spell library contained the following spells:

 Spells                   Type           Power      Damage    Failure   Level
 Sting                    Conj/Alch      100%       1d9       0%          1
 Lesser Beckoning         Tloc           100%       N/A       0%          2
 Foxfire                  Conj/Fire      100%       2x1d9     1%          1
 Kiss of Death            Conj/Necr      100%       2d13      1%          1
 Magic Dart               Conj           100%       1d8       1%          1
 Shock                    Conj/Air       100%       1d9       1%          1
 Slow                     Hex            100%       N/A       1%          1
 Cigotuvi's Dreadful Rot  Necr/Alch/Air  100%       N/A       1%          2
 Ensorcelled Hibernation  Hex/Ice        100%       N/A       1%          2
 Jinxbite                 Hex            100%       N/A       1%          2
 Mercury Vapours          Alch/Air       100%       N/A       1%          2
 Passwall                 Alch/Erth      90%        N/A       1%          2
 Searing Ray              Conj           100%       2d8       1%          2
 Static Discharge         Conj/Air       100%       3-8/arc   1%          2
 Confusing Touch          Hex            90%        N/A       1%          3
 Dazzling Flash           Conj/Hex       100%       N/A       1%          3
 Gell's Gravitas          Tloc           100%       N/A       1%          3
 Hailstorm                Conj/Ice       79%        3d13      1%          3
 Inner Flame              Hex/Fire       90%        N/A       1%          3
 Sigil of Binding         Hex            90%        N/A       1%          3
 Swiftness                Air            64%        N/A       1%          3
 Teleport Other           Tloc           100%       N/A       1%          3
 Tukima's Dance           Hex            90%        N/A       1%          3
 Volatile Blastmotes      Fire/Tloc      100%       2d18      1%          3
 Brom's Barrelling Bould  Conj/Erth      97%        2d11      1%          4
 Cause Fear               Hex            45%        N/A       1%          4
 Dimensional Bullseye     Hex/Tloc       50%        N/A       1%          4
 Flame Wave               Conj/Fire      96%        2d20      1%          4
 Fulminant Prism          Conj/Alch      56%        3d25      1%          4
 Manifold Assault         Tloc           100%       N/A       1%          4
 Passage of Golubria      Tloc           100%       N/A       1%          4
 Alistair's Intoxication  Alch           81%        N/A       1%          5
 Fireball                 Conj/Fire      48%        3d19      1%          5
 Iskenderun's Battlesphe  Conj           100%       2d15      1%          5
 Freeze                   Ice            100%       1d10      2%          1
 Necrotise                Necr           100%       1d9       2%          1
 Call Imp                 Summ           80%        N/A       3%          2
 Sublimation of Blood     Necr           40%        N/A       3%          2
 Arcjolt                  Conj/Air       43%        1d53      3%          5
 Anguish                  Hex/Necr       35%        N/A       4%          4
 Animate Armour           Summ/Erth      100%       N/A       4%          4
 Summon Forest            Summ/Tloc      41%        N/A       4%          5
 Bombard                  Conj/Erth      48%        9d8       6%          6
 Call Canine Familiar     Summ           40%        N/A       7%          3
 Frozen Ramparts          Ice            80%        1d13      7%          3
 Fugue of the Fallen      Necr           40%        N/A       7%          3
 Ozocubu's Armour         Ice            40%        N/A       7%          3
 Vampiric Draining        Necr           40%        2d8       7%          3
 Airstrike                Air            32%        2d(5-21)  7%          4
 Silence                  Hex/Air        39%        N/A       7%          5
 Starburst                Conj/Fire      48%        6d13      7%          6
 Freezing Cloud           Conj/Ice/Air   37%        6-21      9%          5
 Borgnjor's Vile Clutch   Necr/Erth      35%        N/A       11%         5
 Summon Lightning Spire   Summ/Air       54%        N/A       12%         4
 Metabolic Englaciation   Hex/Ice        35%        N/A       12%         5
 Conjure Ball Lightning   Conj/Air       43%        3x3d15    19%         6
 Animate Dead             Necr           40%        N/A       22%         4
 Dispel Undead            Necr           40%        3d16      22%         4
 Plasma Beam              Fire/Air       39%        2x1d52    36%         6
 Agony                    Necr           40%        N/A       54%         5
 Death Channel            Necr           20%        N/A       98%         6
 Simulacrum               Ice/Necr       20%        N/A       98%         6
 Orb of Destruction       Conj           51%        9d13      19%         7
 Enfeeble                 Hex            45%        N/A       58%         7
 Disjunction              Tloc           54%        N/A       58%         8
 Malign Gateway           Summ/Tloc      41%        N/A       80%         7
 Spellforged Servitor     Conj/Summ      39%        N/A       88%         7
 Discord                  Hex            45%        N/A       99%         8
 Ignition                 Fire           45%        3d13      99%         8
 Summon Hydra             Summ           20%        N/A       100%        7
 Borgnjor's Revivificati  Necr           20%        N/A       100%        8
 Maxwell's Capacitive Co  Air            32%        ∞         100%        8
 Summon Horrible Things   Summ           20%        N/A       100%        8


Dungeon Overview and Level Annotations

Branches:
Dungeon (15/15)            Temple (1/1) D:6            Lair (5/5) D:9
  Swamp (4/4) Lair:2       Spider (4/4) Lair:2        Slime (5/5) Lair:5
    Orc (2/2) D:10            Elf (3/3) Orc:2        Vaults (5/5) D:14
  Crypt (3/3) Vaults:2       Tomb (0/3) Crypt:3      Depths (4/4) D:15
   Hell (visited)             Zot (5/5) Depths:4     Bailey (visited)
  IceCv (visited)         Desolation (visited)
    Dis: Hell:1         Geh: Hell:1         Coc: Hell:1         Tar: Hell:1

Altars:
Ashenzari
Cheibriados
Dithmenos
Elyvilon
Fedhas
Gozag
Hepliaklqana
Kikubaaqudgha
Makhleb
Nemelex Xobeh
Okawaru
Qazlal
Ru
Sif Muna
Trog
Uskayaw
Vehumet
Wu Jian
Xom
Yredelemnul
Zin
The Shining One
Jiyva

Shops:
D:1 (((=   D:7 [   D:12 =   D:13 =   Orc:1 =   Orc:2 ?(((   Elf:2 :   Elf:3 :
Vaults:5 [

Portals:
Hell: Depths:1 Depths:2 Depths:3 Depths:4
Abyss: Depths:3
Pandemonium: Depths:2 Depths:3
Ziggurat: Depths:4
Trove: D:15 (give 16 potions of curing)

Annotations:
D:12 3 runed translucent doors, GrimJard's ghost, journeyman MiFi
Spider:3 Mara
Hell Murray


Innate Abilities, Weirdness & Mutations

Your life essence is reduced to manifest your ancestor. (-10% HP)
Your serpentine skin is tough. (AC +9)
You have supernaturally acute eyesight. (SInv)
Armour fits poorly on your strangely shaped body.
Your system is resistant to poisons. (rPois)
You cover ground very slowly.
You can spit poison.
You can use your snake-like lower body to constrict enemies.
You are partially covered in iridescent scales. (AC +2)
Your body sometimes deteriorates upon taking damage.
You occasionally lose the ability to read scrolls when taking damage.


Message History

Simosihle closely misses the Executioner.
Simosihle blocks the Executioner's attack.
The Executioner hits Simosihle but does no damage.
The Executioner completely misses Simosihle.
You reach to attack!
You hit the Executioner.
The Executioner is severely wounded.
Simosihle blocks the Executioner's attack. x3
Simosihle hits the Executioner with a +0 broad axe of speed!!
The Executioner hits Simosihle but does no damage.
Simosihle blocks the Executioner's attack. x2
You reach to attack!
You impale the Executioner!! You burn the Executioner.
You kill the Executioner!
You start resting.
Magic restored.
You start resting.
Ancestor HP restored.
What level of the Dungeon? (default 1, ? - help)
You swap places.
Your magic seems less tainted.
Simosihle is no longer moving quickly.
There is an escape hatch in the ceiling here.
A mysterious force pulls you upwards. The hatch slams shut behind you.
There is a stone staircase leading up here.
You fly upwards.
There is a stone staircase leading down here.
There is a stone staircase leading up here.
You fly upwards.
There is a stone staircase leading down here.
An orange demon comes into view.
You block the orange demon's attack.
You reach to attack!
You impale the orange demon!! You burn the orange demon!
The orange demon is heavily wounded.
You block the orange demon's attack.
Simosihle gestures wildly while chanting.
Simosihle seems to speed up.
You reach to attack!
You impale the orange demon!! You burn the orange demon.
The orange demon is almost dead.
You reach to attack!
You puncture the orange demon! You burn the orange demon.
You kill the orange demon!
There is a staircase leading out of the dungeon here.
You have escaped!

.#.#.....##...........#..........
>#...#.#.##...............#.###≈≈
.##.##.#.##...#######..##.#.##≈≈≈
..............#######..##.#...≈≈∩
###.####.#.#..........###.####≈≈~
#.# #.#.#.########.# #.# #.≈≈
###.## #.....#......#.###.# #...
.....# ###.###.####.#.#...# #...
###..# #....#.#@R#.#.########...
###..# #....#.#....#.###........
#....# #....#.######.#..........
#.##.# #....#........##.........
#.##.# #......######..#.#####...
.....# #####..######..#.# #...
#.#### #............# #>.. #.#
###########.##.#### #÷.. #>##
#.........R....# #...


You could see the friendly Simosihle the knight (fast, reflecting).

Vanquished Creatures
  the Royal Jelly (Slime:5)
  2 dread liches
  Tiamat (Zot:2)
  An orb of fire (Zot:5)
  Mennas (Vaults:4)
  Josephina (Depths:3)
  3 Killer Klowns (Zot:5)
  4 caustic shrikes (Depths:4)
  Geryon (Hell)
  Margery (Vaults:3)
  3 golden dragons
  Arachne (Spider:4)
  A profane servitor (Crypt:3)
  Jory (Vaults:4)
  A Brimstone Fiend (Zot:5)
  A doom hound (Zot:2)
  A hellephant (Vaults:3)
  A Tzitzimitl (Zot:1)
  2 shard shrike zombies (Crypt:3)
  4 tentacled monstrosities
  Rupert (Spider:1)
  Jorgrun (Elf:1)
  A walking crystal tome (Depths:4)
  2 liches
  20 Orb Guardians
  A quicksilver dragon (Vaults:5)
  A deep elf blademaster (Elf:3)
  Mlioglotl (Spider:4)
  9 acid blobs
  8 titans
  2 Executioners
  6 death cobs
  2 sphinxes
  5 tengu reavers
  Kirke (Elf:1)
  An ancient champion (Crypt:1)
  7 storm dragons
  5 protean progenitors
  4 shadow dragons
  3 frost giants
  A fenstrider witch (Swamp:1)
  A draconian monk (Zot:4)
  A draconian knight (Zot:4)
  3 fire giants
  3 azure jellies (Slime:5)
  4 draconian shifters
  An iron dragon (Depths:3)
  9 vault wardens
  A spectral caustic shrike (Depths:3)
  2 rockslimes (Slime:5)
  5 ghost moths
  4 emperor scorpions
  A deep elf elementalist (Elf:3)
  2 reapers
  2 draconian scorchers
  3 caustic shrike zombies
  5 deep elf sorcerers
  10 quicksilver oozes
  2 curse skulls
  3 draconian stormcallers
  8 ghouls (Crypt:3)
  20 ironbound preservers
  A draconian annihilator (Zot:1)
  3 spectral juggernauts (Depths:3)
  15 very ugly things
  3 orc warlords
  7 stone giants
  A formless jellyfish (Vaults:3)
  5 ironbound thunderhulks
  4 black draconians
  3 broodmothers
  2 grey draconians (Depths:4)
  A demonspawn black sun (Depths:2)
  A lorocyproca (Depths:4)
  A green draconian (Zot:1)
  8 vampire knights
  2 spectral titans (Depths:3)
  7 red draconians
  An eleionoma (Swamp:2)
  Nessos (Lair:5)
  8 deep elf annihilators
  4 purple draconians
  7 yellow draconians
  2 dire elephants (Vaults:3)
  4 deep elf demonologists
  9 deep elf death magi
  4 spark wasps
  5 bunyips
  The ghost of kae the Slicer, a journeyman DsEn of Dithmenos (Lair:3)
  5 eidola
  4 war gargoyles
  9 ettins
  An iron golem (Depths:1)
  2 spectral golden dragons (Depths:3)
  8 entropy weavers
  A blizzard demon (Zot:4)
  A mummy priest (Crypt:3)
  2 shambling mangroves
  2 crystal guardians
  9 ragged hierophants (Desolation)
  6 fire dragons
  2 jiangshi
  17 yaktaur captains
  2 deep elf high priests
  A spriggan zombie (Crypt:2)
  4 great orbs of eyes
  3 spectral sphinxes (Depths:3)
  6 servants of whispers (Desolation)
  3 jorogumos
  3 rakshasas
  2 spectral tengu (Depths:3)
  2 spriggan air magi
  27 vault guards
  5 ice dragons
  A caustic shrike simulacrum (Depths:3)
  6 peacekeepers
  6 ironbound frosthearts
  12 hydras
  A spriggan skeleton (Crypt:2)
  A spectral shadow dragon (Depths:3)
  5 boulder beetles
  A hell beast (Zot:5)
  9 death knights
  An anaconda (shapeshifter) (Elf:2)
  2 radroaches
  A spectral fire giant (Depths:3)
  A ghost crab (Swamp:1)
  3 alligators
  12 dancing weapons
  7 centaur warriors
  A spectral frost giant (Depths:3)
  2 catoblepae
  7 two-headed ogres
  4 tengu warriors
  7 vampire magi
  A sphinx skeleton (Vaults:2)
  12 death yaks
  4 demonic crawlers
  7 deep troll shamans
  4 soul eaters
  10 deep elf knights
  A shock serpent (Zot:2)
  5 spriggan berserkers
  3 deep troll earth magi
  A titan zombie (Crypt:2)
  10 hell knights
  3 occultists
  Urug (D:12)
  2 shadow wraiths
  An orc high priest (Orc:2)
  2 iron trolls
  16 skeletal warriors
  5 skysharks
  A spectral spark wasp (Depths:3)
  A ghost moth zombie (Crypt:2)
  3 pharaoh ants
  2 anaconda zombies (Crypt:3)
  42 deep trolls
  4 swamp dragons (Swamp:4)
  A death drake (Depths:3)
  5 flayed ghosts
  6 orb spiders
  An orange crystal statue (Depths:3)
  8 deep elf archers (Elf:2)
  3 glowing orange brains (Depths:3)
  2 glowing orange brains (shapeshifter) (Vaults:5)
  2 goliath frogs
  3 spriggan druids
  A tengu zombie (Depths:1)
  A sun moth (shapeshifter) (Depths:1)
  16 phantasmal warriors
  18 ironbound convokers
  6 necromancers
  3 sun moths
  A harpy (shapeshifter) (D:14)
  An iron dragon zombie (Crypt:3)
  A lindwurm (shapeshifter) (Depths:3)
  7 lindwurms
  5 steelbarb worms
  21 deep elf pyromancers
  11 arcanists
  A sphinx simulacrum (Vaults:2)
  21 deep elf zephyrmancers
  A shining eye (Slime:5)
  4 orc knights
  A stone giant zombie (Crypt:3)
  17 wolf spiders
  A manticore (D:9)
  5 orc sorcerers
  22 ugly things
  A fire giant skeleton (Crypt:2)
  2 will-o-the-wisps
  A moth of wrath (shapeshifter) (Vaults:3)
  20 moths of wrath
  5 cyclopes
  An eleionoma skeleton (Crypt:1)
  A meliai (D:14)
  3 kobold blastminers
  3 centaur zombies
  An elf zombie (Vaults:5)
  A black mamba (shapeshifter) (D:11)
  2 molten gargoyles (Desolation)
  2 water nymphs (shapeshifter)
  8 elephants
  3 guardian serpents (Desolation)
  3 ice statues
  An orange demon (D:1)
  5 torpor snails
  3 black mambas (Lair:3)
  3 titan simulacra (Depths:3)
  2 naga magi (Vaults:4)
  An eye of devastation (Slime:5)
  16 vault sentinels
  4 smoke demons
  A gargoyle (D:14)
  2 storm dragon simulacra (Depths:3)
  A black draconian zombie (Crypt:2)
  7 cane toads
  An unseen horror (D:11)
  A shock serpent skeleton (Crypt:1)
  25 yaktaurs
  9 freezing wraiths
  An unseen horror zombie (Crypt:1)
  An unseen horror (shapeshifter) (D:15)
  A rime drake (D:9)
  A tormentor (Zot:4)
  2 kobold demonologists
  An anaconda simulacrum (IceCv)
  A mana viper zombie (Crypt:2)
  10 komodo dragons
  2 guardian mummies (Crypt:3)
  7 trolls
  A catoblepas skeleton (Crypt:2)
  A tengu conjurer (Depths:2)
  A harpy zombie (Crypt:3)
  4 ice devils
  5 hellwings
  A merfolk (shapeshifter) (Vaults:5)
  A polar bear (Lair:5)
  A glass eye (Depths:3)
  17 hornets
  2 tengu simulacra (Depths:3)
  19 blink frogs
  A tarantella (shapeshifter) (D:15)
  A wolf spider simulacrum (D:15)
  A radroach zombie (Crypt:2)
  18 tarantellas
  A harpy skeleton (Crypt:1)
  28 saltlings
  An iron dragon simulacrum (Depths:3)
  9 dream sheep
  23 jumping spiders
  A centaur simulacrum (D:13)
  A frost giant simulacrum (Depths:3)
  2 vampires (D:11)
  10 spriggans
  3 air elementals
  A black mamba zombie (Crypt:2)
  2 shadows (Crypt:3)
  52 slime creatures
  20 yaks
  22 culicivoras
  8 wraiths
  4 wyverns
  2 water elementals (Depths:3)
  3 hogs (Elf:1)
  7 basilisks
  An ettin skeleton (Vaults:2)
  A human (Elf:1)
  Eustachio (D:5)
  6 wargs
  A dire elephant simulacrum (IceCv)
  7 golden eyes
  3 fire elementals
  51 redbacks
  A steam dragon (shapeshifter) (Elf:1)
  5 steam dragons
  3 death yak simulacra
  12 vampire mosquitoes
  A harpy simulacrum (IceCv)
  A swamp worm (shapeshifter) (Vaults:3)
  A deep troll zombie (Crypt:1)
  10 swamp worms
  Edmund (D:4)
  7 acid dragons
  3 hydra simulacra (D:13)
  A demonspawn skeleton (Crypt:2)
  11 water moccasins
  4 hell hounds
  Duvessa (D:4)
  3 swamp drakes
  4 black bears
  22 orc warriors
  A deep troll simulacrum (Vaults:2)
  7 ice beasts
  3 ogres
  16 wolves
  2 laughing skulls (Crypt:1)
  7 centaurs
  A phantom (Crypt:3)
  6 necrophages (Crypt:3)
  12 bullfrogs
  6 earth elementals
  A human simulacrum (Depths:3)
  5 scorpions
  A wight (D:8)
  3 wyvern skeletons (Crypt:3)
  Dowan (D:4)
  15 killer bees
  A polar bear skeleton (Crypt:2)
  7 electric eels
  3 howler monkeys
  A knight (Lair:2)
  4 jellies
  3 hounds
  2 bombardier beetles
  A gnoll bouda (D:9)
  22 orc priests
  2 sleepcaps
  2 iguanas (D:6)
  A basilisk skeleton (Crypt:1)
  Natasha (thrice) (D:3)
  30 orc wizards
  A spriggan simulacrum (IceCv)
  3 troll simulacra (IceCv)
  A wolf simulacrum (IceCv)
  A mummy (Crypt:3)
  5 gnolls (D:9)
  9 adders
  3 naga simulacra (IceCv)
  2 shadow imps
  2 white imps (IceCv)
  3 hell rat simulacra (D:13)
  An ufetubus (D:10)
  A worm (D:4)
  15 dart slugs
  82 orcs
  5 ball pythons
  6 endoplasms
  2 giant cockroaches
  4 goblins
  6 hobgoblins
  3 jackals (D:1)
  2 quokkas
  3 bats
  6 kobolds
  7 rats
  6 aspiring fleshes
1818 creatures vanquished.

Vanquished Creatures (collateral kills)
  A dread lich (Vaults:5)
  An ancient lich (Zot:5)
  An orb of fire (Zot:5)
  Sojobo (Vaults:5)
  Parghit (Depths:3)
  A Killer Klown (Zot:5)
  A caustic shrike (Depths:4)
  5 golden dragons
  A bone dragon (Crypt:3)
  Norris (Depths:3)
  An electric golem (Zot:5)
  A doom hound (Zot:2)
  A Tzitzimitl (Depths:3)
  6 tentacled monstrosities
  6 Orb Guardians
  Grunn (Zot:2)
  6 acid blobs
  A deep elf blademaster (Elf:3)
  4 sphinxes
  An Executioner (Depths:1)
  2 deep elf master archers (Elf:3)
  An ancient champion (Crypt:2)
  A tengu reaver (Vaults:5)
  3 death cobs
  2 storm dragons
  3 shadow dragons
  4 rockslimes (Slime:5)
  A protean progenitor (Zot:5)
  2 revenants (Crypt:2)
  A draconian monk (Zot:4)
  An azure jelly (Slime:5)
  2 frost giants
  2 fire giants
  7 vault wardens
  2 deep elf sorcerers (Elf:3)
  A draconian shifter (Depths:4)
  2 ghouls
  An imperial myrmidon (Desolation)
  2 deep elf elementalists
  A curse skull (Crypt:3)
  5 emperor scorpions (Spider:4)
  A ghost moth (Zot:4)
  An orc warlord (Vaults:4)
  A broodmother (Spider:4)
  5 ironbound preservers
  2 quicksilver oozes (Slime:5)
  2 stone giants (Vaults:5)
  An ironbound thunderhulk (Vaults:2)
  A vampire knight (Crypt:2)
  A deep elf demonologist (Elf:3)
  A lorocyproca (Depths:2)
  3 green draconians
  3 deep elf death magi
  3 black draconians
  A halazid warlock (Desolation)
  Azrael (D:12)
  2 war gargoyles
  2 bunyips
  A dire elephant (Vaults:3)
  2 purple draconians
  3 red draconians
  2 deep elf annihilators
  2 crystal guardians
  2 spectral quicksilver dragons (Depths:3)
  5 ettins
  A fire dragon (Depths:2)
  8 eidola
  A spectral golden dragon (Depths:3)
  A spectral spriggan (Depths:3)
  2 spriggan zombies (Crypt:3)
  2 shambling mangroves
  A jiangshi (Crypt:1)
  A quicksilver dragon zombie (Crypt:2)
  7 yaktaur captains
  5 entropy weavers
  2 great orbs of eyes
  7 hydras
  5 vault guards
  2 ragged hierophants (Desolation)
  A deep elf high priest (Elf:3)
  A radroach (Spider:2)
  A catoblepas (D:15)
  An ogre mage (Vaults:5)
  2 centaur warriors
  A ghost crab (Swamp:4)
  3 servants of whispers (Desolation)
  5 alligators
  2 boulder beetles
  A fenstrider witch skeleton (Crypt:2)
  An ironbound frostheart (Vaults:3)
  3 peacekeepers (Desolation)
  4 tengu warriors
  A death knight (Crypt:3)
  A spectral fire giant (Depths:3)
  A two-headed ogre (D:11)
  3 death yaks
  2 deep troll earth magi (Depths:2)
  A vampire mage (Depths:3)
  13 dancing weapons
  A spectral storm dragon (Depths:3)
  An occultist (Depths:2)
  8 deep elf knights
  2 orc high priests
  2 hell knights
  2 spriggan berserkers
  7 skeletal warriors
  A skyshark (Depths:3)
  A soul eater (Crypt:2)
  4 pharaoh ants
  An iron troll (Depths:1)
  A shadow wraith (Vaults:2)
  A sea snake (shapeshifter) (Vaults:3)
  3 swamp dragons (Swamp:4)
  A glowing orange brain (Depths:3)
  2 death drakes (Depths:3)
  3 deep elf archers
  3 orb spiders
  An iron giant zombie (Crypt:3)
  12 deep trolls
  A bog body (Swamp:2)
  A golden dragon zombie (Depths:1)
  An orc knight (Vaults:4)
  A spectral iron dragon (Depths:3)
  3 flayed ghosts
  6 arcanists
  An orange crystal statue (Depths:3)
  A lindwurm (Vaults:1)
  A wolf spider zombie (D:15)
  7 deep elf zephyrmancers
  13 phantasmal warriors
  10 deep elf pyromancers
  2 ironbound convokers
  An oklob plant (Lair:3)
  4 necromancers
  An orc sorcerer (Orc:2)
  3 wolf spiders
  17 ugly things
  A will-o-the-wisp (Swamp:4)
  A frost giant zombie (Depths:1)
  A shadow dragon skeleton (Depths:1)
  4 moths of wrath
  A shining eye (Slime:4)
  A large abomination (Zot:4)
  An iron dragon skeleton (Crypt:2)
  3 kobold blastminers
  3 centaur zombies
  4 guardian serpents
  A rust devil (D:10)
  3 elephants
  2 torpor snails
  3 molten gargoyles (Desolation)
  9 vault sentinels
  A smoke demon (Zot:5)
  An orange demon (Depths:4)
  A gargoyle (D:11)
  2 rime drakes
  A komodo dragon (Lair:5)
  An efreet (D:11)
  6 freezing wraiths
  2 spectral glowing shapeshifters (Depths:3)
  2 golden dragon simulacra (Depths:3)
  4 yaktaurs
  An ice devil (IceCv)
  2 tengu conjurers
  A harpy zombie (Crypt:3)
  A polar bear (Lair:5)
  A hellwing (Zot:5)
  2 tengu simulacra (Depths:3)
  2 trolls
  A hornet (Swamp:4)
  38 saltlings
  A hydra skeleton (Crypt:2)
  6 tarantellas
  A tyrant leech (Swamp:1)
  An ettin zombie (Crypt:3)
  5 dream sheep
  6 blink frogs
  A harpy skeleton (D:15)
  An iron dragon simulacrum (Depths:3)
  10 wraiths
  A centaur simulacrum (D:11)
  5 culicivoras
  20 slime creatures
  9 jumping spiders
  6 water elementals
  A black mamba zombie (Crypt:1)
  A shadow (D:11)
  A hog (Elf:1)
  10 yaks
  A vampire (D:11)
  4 wyverns
  4 fire elementals
  A warg (Orc:1)
  3 basilisks
  10 vampire mosquitoes
  15 redbacks
  3 death yak simulacra (D:13)
  A naga zombie (Crypt:3)
  8 swamp worms
  2 water moccasins (Lair:3)
  An acid dragon (D:10)
  A deep troll skeleton (Crypt:1)
  3 hell hounds
  3 black bears
  11 orc warriors
  4 swamp drakes (Swamp:4)
  3 human zombies
  A wolf (Lair:5)
  A laughing skull (Crypt:1)
  6 ogres
  A centaur (D:15)
  3 bullfrogs
  7 necrophages (Crypt:3)
  2 earth elementals
  A glowing shapeshifter simulacrum (Depths:3)
  A gnoll sergeant (D:9)
  2 cane toad simulacra (IceCv)
  A two-headed ogre simulacrum (IceCv)
  3 wyvern skeletons (Crypt:3)
  4 wights (D:8)
  An electric eel (Spider:4)
  A jelly (Lair:5)
  7 orc priests (Orc:2)
  Crazy Yiuf (D:3)
  A scorpion zombie (Crypt:2)
  13 orc wizards
  A troll simulacrum (IceCv)
  A polar bear simulacrum (IceCv)
  3 spriggan simulacra
  2 gnolls (D:9)
  A shadow imp (D:10)
  A white imp (D:10)
  An ufetubus (IceCv)
  13 orcs
  2 endoplasms (Lair:5)
  An aspiring flesh (Zot:5)
  A spectral weapon (Zot:5)
716 creatures vanquished.

Vanquished Creatures (others)
  A deep elf master archer (Elf:3)
  A ragged hierophant (Desolation)
  A deep elf high priest (Elf:3)
  An alligator (Swamp:4)
  A phantasmal warrior (Vaults:5)
  A deep elf pyromancer (D:13)
  A deep elf zephyrmancer (Elf:1)
  A human zombie (Vaults:5)
  4 yaktaurs
  2 bloated husks (Swamp:4)
  A saltling (Desolation)
  A ynoxinul (Zot:4)
  A human (Elf:1)
  40 knights
  An ancestor (Bailey)
  A creeping inferno (Hell)
  17 foxfires
76 creatures vanquished.

Grand Total: 2610 creatures vanquished

Notes
Turn   | Place    | Note
-------+----------+-------------------------------------------
     0 | D:1      | jt the Naga Alchemist began the quest for the Orb.
     0 | D:1      | Reached XP level 1. HP: 15/15 MP: 3/3
   147 | D:1      | Reached XP level 2. HP: 22/22 MP: 5/5
   153 | D:1      | Learned a level 2 spell: Mercury Vapours
   187 | D:1      | Found Daoqy's Antique Weapon Boutique.
   338 | D:1      | Found Mobamait's Weapon Shoppe.
   668 | D:1      | Found Azocijai's Jewellery Shoppe.
   669 | D:1      | Found Ussurica's Weapon Emporium.
  1096 | D:2      | Reached XP level 3. HP: 28/28 MP: 2/6
  1942 | D:2      | Reached skill level 5 in Alchemy
  1979 | D:2      | Learned a level 3 spell: Mephitic Cloud
  2817 | D:3      | Reached XP level 4. HP: 34/36 MP: 4/7
  2952 | D:3      | Reached skill level 1 in Air Magic
  3087 | D:3      | You fall into a shaft and drop 3 floors!
  3260 | D:5      | Entered Level 5 of the Dungeon
  3311 | D:5      | Noticed a steam dragon
  3603 | D:4      | Noticed a scorpion
  3612 | D:4      | Killed a scorpion
  3613 | D:4      | Reached XP level 5. HP: 38/42 MP: 1/9
  3863 | D:3      | Noticed Natasha
  3869 | D:3      | Killed Natasha
  4012 | D:3      | Noticed Natasha
  4020 | D:3      | Killed Natasha
  4129 | D:3      | Found a runed translucent door.
  4130 | D:3      | Noticed Crazy Yiuf
  4296 | D:3      | Noticed Natasha
  4304 | D:3      | Killed Natasha
  4305 | D:3      | Reached XP level 6. HP: 49/49 MP: 7/10
  4514 | D:4      | Noticed Dowan
  4611 | D:5      | Noticed an ice beast
  4902 | D:6      | Learned a level 4 spell: Olgreb's Toxic Radiance
  5051 | D:6      | Reached XP level 7. HP: 55/55 MP: 5/11
  5180 | D:6      | Found a staircase to the Ecumenical Temple.
  5205 | Temple   | Entered the Ecumenical Temple
  5220 | Temple   | Became a worshipper of Hepliaklqana the Forgotten
  5293 | D:6      | Found a basalt altar of Yredelemnul.
  5297 | D:6      | Found a broken altar of Ashenzari.
  5299 | D:6      | Found a radiant altar of Vehumet.
  5311 | D:6      | Found an ornate altar of the Wu Jian Council.
  5363 | D:6      | Found a sacrificial altar of Ru.
  5402 | D:6      | Noticed a steam dragon
  5412 | D:6      | Killed a steam dragon
  5555 | D:6      | Noticed a hornet
  5560 | D:6      | Killed a hornet
  5561 | D:6      | Reached XP level 8. HP: 45/62 MP: 2/12
  5563 | D:6      | Reached skill level 10 in Alchemy
  5969 | D:5      | Noticed Eustachio
  5980 | D:5      | Killed Eustachio
  6348 | D:5      | Reached XP level 9. HP: 68/68 MP: 2/13
  6409 | D:5      | Learned a level 4 spell: Sticky Flame
  6735 | D:5      | Reached skill level 1 in Fire Magic
  7278 | D:7      | Found a flagged portal.
  7291 | D:7      | Identified 2 scrolls of acquirement
  7291 | D:7      | Acquired the +7 barding of the Lotus Blossom {Dex+3}
  7361 | D:7      | Identified the +7 spear "Ilaocayt" {flame, rPois}
  7376 | Bailey   | Entered a bailey
  7485 | Bailey   | Noticed an orc knight
  7538 | Bailey   | Reached * piety under Hepliaklqana
  7670 | Bailey   | Reached skill level 1 in Fighting
  7670 | Bailey   | Reached skill level 1 in Polearms
  7670 | Bailey   | Reached skill level 1 in Armour
  7757 | Bailey   | Killed an orc knight
  7758 | Bailey   | Reached skill level 5 in Spellcasting
  7758 | Bailey   | Reached XP level 10. HP: 56/72 MP: 5/17
  7852 | Bailey   | Identified the +3 tower shield of Qazlal's Approval {rC+
                  | rN+ Dex-4}
  8095 | D:7      | Found a glowing golden altar of the Shining One.
  8235 | D:7      | Found Cusmifeh's Armour Shoppe.
  8239 | D:7      | Bought a +0 helmet for 54 gold pieces
  8524 | D:8      | Reached skill level 5 in Fire Magic
  8956 | D:8      | Reached ** piety under Hepliaklqana
  8957 | D:8      | Remembered your ancestor Simosihle as a knight
  9735 | D:9      | Found the +8 trident of the Octopus King {venom, rElec
                  | rPois}
  9929 | D:9      | Noticed a manticore
  9945 | D:9      | Killed a manticore
  9946 | D:9      | Reached skill level 5 in Fighting
  9946 | D:9      | Reached XP level 11. HP: 35/86 MP: 0/21
 10100 | D:9      | Found a staircase to the Lair.
 10130 | D:9      | Acquired 825 gold pieces
 10132 | D:9      | Acquired the +2 barding "Enaoc" {rC+ rN+}
 10280 | D:9      | Noticed an arcanist
 10286 | D:9      | Killed an arcanist
 10368 | D:9      | Identified the +0 leather armour of Apathy {*Corrode Dex+3}
 10582 | D:10     | Entered Level 10 of the Dungeon
 10615 | D:10     | Found a sparkling altar of Nemelex Xobeh.
 10886 | D:4      | Found a shadowy altar of Dithmenos.
 10890 | D:4      | Noticed Duvessa
 10895 | D:4      | Killed Duvessa
 10897 | D:4      | Killed Dowan
 10931 | D:4      | Noticed Edmund
 10936 | D:4      | Killed Edmund
 11391 | D:3      | Killed Crazy Yiuf
 11545 | Lair:1   | Entered Level 1 of the Lair of Beasts
 11700 | Lair:1   | Reached *** piety under Hepliaklqana
 11786 | Lair:1   | Reached skill level 5 in Polearms
 12014 | Lair:1   | Reached XP level 12. HP: 98/98 MP: 22/24
 12134 | Lair:1   | Reached skill level 1 in Shields
 12329 | Lair:1   | Reached skill level 2 in Shields
 12641 | Lair:2   | Reached skill level 3 in Shields
 12680 | Lair:2   | Reached skill level 4 in Shields
 12741 | Lair:2   | Acquired the Incunabulum of Injurious Effluvium
 12749 | Lair:2   | Learned a level 5 spell: Irradiate
 12806 | Lair:2   | Reached **** piety under Hepliaklqana
 12872 | Lair:2   | Found a staircase to the Swamp.
 12936 | Lair:2   | Noticed a death yak
 12936 | Lair:2   | Noticed a death yak
 12937 | Lair:2   | Noticed a death yak
 12940 | Lair:2   | Noticed a death yak
 12942 | Lair:2   | Noticed a death yak
 12943 | Lair:2   | Noticed a death yak
 12944 | Lair:2   | Killed a death yak
 12952 | Lair:2   | Killed a death yak
 12953 | Lair:2   | Reached skill level 5 in Conjurations
 12953 | Lair:2   | Reached skill level 5 in Shields
 12956 | Lair:2   | Killed a death yak
 12956 | Lair:2   | Killed a death yak
 12956 | Lair:2   | Killed a death yak
 12957 | Lair:2   | Reached skill level 6 in Shields
 12959 | Lair:2   | Killed a death yak
 13104 | Lair:2   | Found a radiant altar of Vehumet.
 13296 | Lair:2   | Found a hole to the Spider Nest.
 13467 | Lair:3   | Noticed a skyshark
 13482 | Lair:3   | Reached skill level 7 in Shields
 13482 | Lair:3   | Killed a skyshark
 13669 | Lair:3   | Identified the +2 ring mail of the Storm King {rC+ Str+3}
 13780 | Lair:3   | Gained mutation: You can use your snake-like lower body to
                  | constrict enemies. [Naga growth]
 13780 | Lair:3   | Reached XP level 13. HP: 103/103 MP: 23/25
 13780 | Lair:3   | Found a sparkling altar of Nemelex Xobeh.
 13799 | Lair:3   | Reached ***** piety under Hepliaklqana
 13834 | Lair:3   | Noticed kae's ghost (journeyman DsEn)
 13896 | Lair:3   | Found a transporter.
 13915 | Lair:3   | Found a transporter.
 14702 | Lair:4   | Reached skill level 5 in Armour
 15728 | Lair:5   | Entered Level 5 of the Lair of Beasts
 15809 | Lair:5   | Found a staircase to the Slime Pits.
 15985 | Lair:5   | Identified the +5 chain mail of Generosity {rElec rC++
                  | Str-3 Dex+3}
 16050 | Lair:5   | Reached skill level 8 in Shields
 16120 | Lair:5   | Noticed Nessos
 16310 | Lair:5   | Reached skill level 9 in Shields
 16511 | Lair:5   | Killed Nessos
 16609 | Lair:5   | Reached XP level 14. HP: 110/110 MP: 23/26
 17022 | Lair:5   | Reached skill level 10 in Shields
 17391 | Lair:5   | Identified the staff of Oghur {rElec Int+3 Summ Air}
 17497 | Spider:1 | Entered Level 1 of the Spider Nest
 17651 | Spider:1 | Noticed Rupert
 17662 | Spider:1 | Killed Rupert
 17813 | Spider:1 | Noticed a broodmother
 17821 | Spider:1 | Killed a broodmother
 17828 | Spider:1 | Reached skill level 11 in Shields
 17988 | D:10     | Found an ancient bone altar of Kikubaaqudgha.
 18130 | D:10     | Found a staircase to the Orcish Mines.
 18442 | Orc:1    | Entered Level 1 of the Orcish Mines
 18492 | Orc:1    | Noticed an orc warlord
 18502 | Orc:1    | Killed an orc warlord
 18657 | Orc:2    | Entered Level 2 of the Orcish Mines
 18825 | Orc:2    | Reached ****** piety under Hepliaklqana
 19251 | Orc:1    | Found Ingymed's Jewellery Emporium.
 19355 | Orc:1    | Reached XP level 15. HP: 86/116 MP: 17/27
 19710 | Orc:2    | Found Gureogg's Antique Weapon Boutique.
 19710 | Orc:2    | Found Axaph's Magic Scroll Shop.
 19713 | Orc:2    | Found Reav's Antique Weapon Boutique.
 19713 | Orc:2    | Found Extidoj's Weapon Shop.
 19733 | Orc:2    | Bought a twisted war axe for 238 gold pieces
 19733 | Orc:2    | Identified the +6 war axe of the Hawk {speed, rElec rPois
                  | rF- Will- Dex+5} (You bought it in a shop on level 2 of the
                  | Orcish Mines)
 19811 | Orc:2    | Reached skill level 15 in Alchemy
 19898 | Orc:2    | Noticed an orc warlord
 19911 | Orc:2    | Killed an orc warlord
 20121 | Orc:2    | Found a staircase to the Elven Halls.
 20187 | Orc:2    | Reached skill level 12 in Shields
 20470 | Orc:1    | Bought the ring of Ethroeg {rF+ rN+ rCorr Dex+5 Stlth+} for
                  | 771 gold pieces
 20483 | Orc:1    | Learned a level 4 spell: Ignite Poison
 20639 | D:11     | Found a frozen archway.
 20662 | IceCv    | Entered an ice cave
 20814 | IceCv    | Found the +2 pair of slick slippers {slick, slippery, EV+4}
 21480 | D:11     | Identified the +9 battleaxe of Frustration {venom, Int+2}
 21937 | D:11     | Identified the +3 arbalest of the Big Fish {flame, Fly}
 22293 | D:12     | Found Leoxtol's Jewellery Emporium.
 22426 | D:12     | Found a runed translucent gate.
 22426 | D:12     | Found a runed translucent gate.
 22426 | D:12     | Found a runed translucent gate.
 22427 | D:12     | Noticed an acid blob
 22428 | D:12     | Noticed an acid blob
 22429 | D:12     | Noticed an azure jelly
 22429 | D:12     | Noticed GrimJard's ghost (journeyman MiFi)
 22429 | D:12     | Noticed an acid blob
 22429 | D:12     | Noticed an acid blob
 22429 | D:12     | Noticed an azure jelly
 22430 | D:12     | Noticed an azure jelly
 22430 | D:12     | Noticed an azure jelly
 22432 | D:12     | Found a viscous altar of Jiyva.
 22670 | D:12     | Noticed Azrael
 22682 | D:12     | Killed Azrael
 22781 | D:12     | Found a white marble altar of Elyvilon.
 22853 | D:12     | Identified the +1 robe of the Solstice {rPois Int+3
                  | Archmagi}
 23044 | D:12     | Noticed Urug
 23047 | D:12     | Killed Urug
 23327 | D:13     | Identified the +0 ring mail of the Shore {Will+ Str+7}
 23556 | D:13     | Reached XP level 16. HP: 123/124 MP: 26/28
 23600 | D:13     | Identified the +0 chain mail of Gallantry {rF+ rC+++ Will+
                  | MP-9}
 24025 | D:13     | Found Sosoesaz's Jewellery Boutique.
 25306 | D:14     | Found a gate to the Vaults.
 25490 | D:15     | Entered Level 15 of the Dungeon
 25617 | D:15     | Reached skill level 10 in Conjurations
 25943 | D:15     | Reached skill level 13 in Shields
 26250 | D:15     | Found a portal to a secret trove of treasure.
 26539 | D:15     | Found a staircase to the Depths.
 28404 | Spider:2 | Reached XP level 17. HP: 129/129 MP: 26/30
 29287 | Spider:3 | Reached skill level 14 in Shields
 29463 | Spider:3 | Noticed Mara
 29469 | Spider:3 | Noticed jt's illusion
 30141 | Spider:4 | Entered Level 4 of the Spider Nest
 30241 | Spider:4 | Reached skill level 15 in Shields
 30435 | Spider:4 | Noticed Mlioglotl
 30443 | Spider:4 | Killed Mlioglotl
 30790 | Spider:4 | Noticed Arachne
 30799 | Spider:4 | Killed Arachne
 31291 | Spider:4 | Reached skill level 16 in Shields
 31302 | Spider:4 | Reached XP level 18. HP: 85/136 MP: 0/31
 32166 | Spider:4 | Identified the +1 pair of boots "Hazapurgh" {*Slow Str+5}
 32177 | Spider:4 | Got a gossamer rune of Zot
 32573 | Vaults:1 | Entered Level 1 of the Vaults
 32587 | Vaults:1 | Reached skill level 1 in Invocations
 32624 | Vaults:1 | Identified the +6 quarterstaff of Destiny {flame, *Corrode
                  | ^Drain rElec Dex+4}
 32861 | Vaults:1 | Reached skill level 5 in Invocations
 33339 | Vaults:1 | Identified the +10 trident of Ignis's Vengeance {chaos,
                  | *Rage rElec Dex+3}
 33844 | Vaults:1 | Reached skill level 10 in Invocations
 34280 | Vaults:2 | Reached XP level 19. HP: 142/142 MP: 26/32
 34282 | Vaults:2 | Reached skill level 5 in Stealth
 34405 | Vaults:2 | Found a crumbling gateway.
 34424 | Desolati | Entered the Desolation of Salt
 34987 | Desolati | Identified the +2 battleaxe "Iqemuizaro" {flame, Dex+8}
 34991 | Desolati | Identified the amulet "Boepna" {Will++ Regen+ Stlth+}
 35078 | Desolati | Found the +7 Spriggan's Knife {stab, EV+4 Stlth+}
 35087 | Desolati | Identified the ring "Viggy" {Ice rN+ Str-4 Dex+5}
 35111 | Desolati | Identified the ring of Lilacs {MP+9 Int+3}
 35181 | Desolati | Identified the +0 robe of Piskameu {rPois rF- Will+++ SInv}
 35313 | Desolati | Got the Anthology of the Eternal Void
 35495 | Desolati | Reached skill level 10 in Polearms
 35545 | Desolati | Identified the +1 robe "Tashetaf" {rC- rN+ Int+2}
 35550 | Desolati | Identified the +4 shortbow of Kindness {freeze, rN++ SInv}
 35726 | Desolati | Got the Almanac of Spellbinding Inhalation
 35759 | Desolati | Identified the +1 robe "Pein Yredymp" {Rampage Str-2 Dex+3}
 35811 | Desolati | Got Saakhlesm's Encyclopedia of Charnel Charms
 35855 | Desolati | Identified the +7 ice dragon scales of Vermicelli {Rampage
                  | *Corrode rF- rC++ Slay+2}
 36197 | Desolati | Identified the +7 mace of Defiance {elec, *Slow rElec rC+}
 36645 | Vaults:2 | Found a staircase to the Crypt.
 37250 | Vaults:2 | Reached XP level 20. HP: 156/156 MP: 14/33
 38088 | Vaults:3 | Reached skill level 10 in Fighting
 38091 | Vaults:3 | Noticed Margery
 38579 | Vaults:3 | Killed Margery
 38588 | Vaults:3 | Noticed a hellephant
 38907 | Vaults:3 | Killed a hellephant
 40879 | Vaults:4 | Noticed Jory
 40891 | Vaults:4 | Killed Jory
 41014 | Vaults:4 | Reached XP level 21. HP: 136/170 MP: 28/34
 41156 | Vaults:4 | Identified the +0 hat of Ujop {rF- rCorr SInv Stlth+}
 41552 | Vaults:4 | Reached skill level 15 in Invocations
 41759 | Vaults:4 | Found a radiant altar of Vehumet.
 41799 | Vaults:4 | Identified the +0 hat of Defence {Will- Int+5}
 42593 | Vaults:4 | Noticed Mennas
 42608 | Vaults:4 | Killed Mennas
 42802 | Vaults:5 | Entered Level 5 of the Vaults
 43074 | Vaults:5 | Noticed a golden dragon
 43496 | Depths:1 | Entered Level 1 of the Depths
 43841 | Swamp:1  | Entered Level 1 of the Swamp
 43856 | Swamp:1  | Learned a level 4 spell: Iskenderun's Mystic Blast
 43871 | Swamp:1  | Reached skill level 1 in Translocations
 44017 | Swamp:2  | Reached XP level 22. HP: 181/185 MP: 24/35
 44227 | Swamp:4  | Entered Level 4 of the Swamp
 44267 | Swamp:4  | Reached skill level 5 in Translocations
 44400 | Swamp:4  | Got a mossy gem with 1748 turns to spare
 44400 | Swamp:4  | Got a decaying rune of Zot
 45730 | Swamp:2  | Lost the mossy gem through the power of Zot.Gained a life
                  | (4 lives remaining)
 45765 | Swamp:1  | Identified the +5 plate armour of the Carpenter {rCorr
                  | Stlth+}
 46231 | Lair:2   | Learned a level 5 spell: Yara's Violent Unravelling
 46359 | D:13     | Bought the ring of Wocig {^Contam Fly rElec rF+ rCorr
                  | Int+6} for 709 gold pieces
 46596 | Orc:2    | Bought a glowing demon trident for 504 gold pieces
 46628 | Elf:1    | Entered Level 1 of the Elven Halls
 46631 | Elf:1    | Reached skill level 17 in Shields
 46639 | Elf:1    | Reached skill level 1 in Hexes
 46728 | Elf:1    | Noticed Jorgrun
 46741 | Elf:1    | Killed Jorgrun
 46865 | Elf:1    | Noticed Kirke
 46873 | Elf:1    | Killed Kirke
 46933 | Elf:1    | Paralysed by an air elemental for 1 turns
 46940 | Elf:1    | Paralysed by an air elemental for 1 turns
 47180 | Elf:2    | Identified the +2 robe "Letygg" {rN++ Int-3 Dex+3}
 47219 | Elf:2    | Reached skill level 5 in Hexes
 47219 | Elf:2    | Paralysed by an air elemental for 1 turns
 47223 | Elf:2    | Paralysed by an air elemental for 1 turns
 47229 | Elf:2    | Paralysed by an air elemental for 1 turns
 47334 | Elf:3    | Entered Level 3 of the Elven Halls
 47372 | Elf:3    | Found Biedaly's Book Emporium.
 47527 | Elf:3    | Learned a level 6 spell: Eringya's Noxious Bog
 47647 | Elf:2    | Found a runed translucent gate.
 47648 | Elf:2    | Found a runed translucent gate.
 47648 | Elf:2    | Found a runed translucent gate.
 47700 | Elf:3    | Reached XP level 23. HP: 145/191 MP: 9/36
 47731 | Elf:3    | Identified the +7 scimitar "Vujalor" {drain, Stlth+}
 47777 | Elf:3    | Reached skill level 10 in Spellcasting
 47934 | Elf:3    | Identified the +7 chain mail "Jeannuzo" {rN++ Regen+ Str-3
                  | Stlth+}
 47934 | Elf:3    | Identified the ring of Keyqaop {rF++ MP+9 Int+4 Stlth-}
 47973 | Elf:3    | Reached skill level 18 in Shields
 47988 | Elf:3    | Identified the +5 scale mail of Sloth {SInv}
 47996 | Elf:3    | Identified the +3 ring mail "Quingeoz" {rPois Int+2 Stlth+}
 48123 | Elf:3    | Got the Vellum of Arcane Weapons and the Cwm
 48127 | Elf:3    | Identified the orb "Waentif" {*Rage, rElec rF- rC++ Necro}
 48145 | Elf:3    | Identified the +0 helmet of Cibext {Rampage}
 48152 | Elf:3    | Identified the +1 leather armour "Acautum" {Will+ Dex+2}
 48165 | Elf:3    | Acquired a book of the Spheres
 48431 | Elf:2    | Found Zeloapp's Tiny Tomes.
 49000 | Elf:2    | Identified the blade talisman "Yhoud" {rC+++ rN++ Will+
                  | Dex-5}
 49707 | D:11     | Learned a level 6 spell: Dispersal
 49991 | Vaults:5 | Killed a golden dragon
 50607 | Vaults:5 | Noticed a dread lich
 50621 | Vaults:5 | Killed a dread lich
 50706 | Vaults:5 | Noticed Sojobo
 50716 | Vaults:5 | Killed Sojobo
 50877 | Vaults:5 | Found Nipna's Armour Shop.
 50882 | Vaults:5 | Identified the +1 mace of Afasyimmi {freeze, rN+ Int+3}
 50884 | Vaults:5 | Identified the staff of Culas {rN+ Will+++ Str-3 Conj}
 51015 | Vaults:5 | Identified the ring "Ramuvaa" {Fly Will- Str+7}
 51164 | Vaults:5 | Reached XP level 24. HP: 125/188 MP: 30/38
 51246 | Vaults:5 | Got a silver rune of Zot
 51872 | Vaults:5 | Reached skill level 19 in Shields
 51872 | Vaults:5 | Reached skill level 10 in Translocations
 52368 | Depths:1 | Identified the +3 leather armour of Dithmenos's Outrage
                  | {rElec rPois rCorr}
 52391 | Depths:1 | Found an ornate altar of the Wu Jian Council.
 52648 | Depths:2 | Found a one-way gate leading to the halls of Pandemonium.
 52703 | Depths:4 | Entered Level 4 of the Depths
 52744 | Depths:4 | Noticed a caustic shrike
 52744 | Depths:4 | Found a gateway to Hell.
 52746 | Depths:4 | Noticed a caustic shrike
 52746 | Depths:4 | Noticed a caustic shrike
 52746 | Depths:4 | Noticed a caustic shrike
 52746 | Depths:4 | Noticed a caustic shrike
 52751 | Depths:4 | Killed a caustic shrike
 52751 | Depths:4 | Killed a caustic shrike
 52753 | Depths:4 | Killed a caustic shrike
 52757 | Depths:4 | Killed a caustic shrike
 52761 | Depths:4 | Killed a caustic shrike
 53023 | Depths:4 | Found a one-way gateway to a ziggurat.
 53314 | Depths:4 | Found a gate to the Realm of Zot.
 53383 | Depths:4 | Found a glowing silver altar of Zin.
 53383 | Depths:4 | Found a white marble altar of Elyvilon.
 53386 | Depths:4 | Found a glowing golden altar of the Shining One.
 53900 | Zot:1    | Entered Level 1 of the Realm of Zot
 54316 | Depths:3 | Identified the ring "Azimepp" {Ice rCorr Str+8 Dex-4
                  | Slay+3}
 54316 | Depths:3 | Noticed Josephina
 54316 | Depths:3 | Noticed Norris
 54328 | Depths:3 | Killed Josephina
 54328 | Depths:3 | Noticed Parghit
 54329 | Depths:3 | Reached XP level 25. HP: 199/206 MP: 9/40
 54331 | Depths:3 | Killed Norris
 54332 | Depths:3 | Reached skill level 10 in Armour
 54332 | Depths:3 | Reached skill level 20 in Shields
 54356 | Depths:3 | Killed Parghit
 54497 | Depths:3 | Reached skill level 5 in Dodging
 54766 | Depths:3 | You are sucked into a shaft and drop 1 floor!
 54830 | Depths:3 | Identified the +2 chain mail of the Rhinotaur {*Slow Regen+
                  | Str+4}
 55006 | Depths:3 | Identified the +4 dagger of Zeir Qoth {flame, Str+6}
 55747 | Depths:3 | Found a one-way gate to the infinite horrors of the Abyss.
 57058 | Hell     | Entered the Vestibule of Hell
 57058 | Hell     | Noticed Geryon
 57069 | Hell     | Killed Geryon
 57070 | Hell     | Noticed Murray
 57148 | Depths:1 | Learned a level 1 spell: Apportation
 57675 | Lair:3   | Killed kae's ghost
 57705 | Lair:3   | Identified the ring "Onauheli" {+Blink rN+ Str+6 SInv}
 57784 | Slime:1  | Entered Level 1 of the Pits of Slime
 57792 | Slime:1  | Reached skill level 21 in Shields
 58041 | Slime:4  | Gained mutation: You are partially covered in iridescent
                  | scales. (AC +2) [a shining eye]
 58092 | Slime:5  | Entered Level 5 of the Pits of Slime
 58177 | Slime:5  | Found a viscous altar of Jiyva.
 58177 | Slime:5  | Noticed the Royal Jelly
 58204 | Slime:5  | Reached XP level 26. HP: 198/213 MP: 29/40
 58218 | Slime:5  | Reached skill level 1 in Evocations
 58222 | Slime:5  | Killed the Royal Jelly
 58305 | Slime:5  | Identified the death talisman of Kaastram {rC+ Str+3 Int-5}
 58334 | Slime:5  | Got a starry gem with 403 turns to spare
 58334 | Slime:5  | Got a slimy rune of Zot
 58359 | Slime:5  | Identified the staff "Killer Klown's Curse" {rF+ Will- Summ
                  | Fire Earth}
 58745 | Crypt:1  | Entered Level 1 of the Crypt
 59034 | Crypt:2  | Noticed a dread lich
 59050 | Crypt:2  | Killed a dread lich
 59145 | Crypt:2  | Reached skill level 5 in Evocations
 59189 | Crypt:3  | Entered Level 3 of the Crypt
 59374 | Crypt:3  | Reached skill level 15 in Fighting
 59484 | Crypt:3  | Found a basalt altar of Yredelemnul.
 59622 | Crypt:3  | Identified the amulet of Goklopt {rC- Will++ Regen+ rCorr}
 59622 | Crypt:3  | Identified the ring "Esum" {rN+ rCorr Str+7 Dex-5 Stlth-}
 59677 | Crypt:3  | Got an ivory gem with 812 turns to spare
 60324 | Crypt:3  | Lost the ivory gem through the power of Zot.Gained a life
                  | (10 lives remaining)
 60496 | Crypt:3  | Found a staircase to the Tomb.
 60830 | Crypt:3  | Identified the +4 falchion of Duty {protect, Str+4}
 62273 | Crypt:1  | Got Lirgh's Thoughts on the Door and Frost
 62885 | Orc:2    | Bought a scroll of silence for 104 gold pieces
 62885 | Orc:2    | Bought a scroll of revelation for 82 gold pieces
 62894 | Orc:2    | Learned a level 4 spell: Leda's Liquefaction
 62899 | Orc:2    | Learned a level 4 spell: Vhi's Electric Charge
 63320 | Zot:2    | Noticed Grunn
 63327 | Zot:2    | Reached skill level 1 in Earth Magic
 63329 | Zot:2    | Killed Grunn
 63330 | Zot:2    | Reached XP level 27. HP: 226/226 MP: 20/40
 63348 | Zot:2    | Found the +4 dragonskin cloak
 63348 | Zot:2    | Noticed Tiamat
 63662 | Zot:2    | Killed Tiamat
 64109 | Zot:4    | Reached skill level 5 in Earth Magic
 64127 | Zot:4    | Reached skill level 10 in Evocations
 64234 | Zot:5    | Entered Level 5 of the Realm of Zot
 64257 | Zot:5    | Got a prismatic gem with 227 turns to spare
 64283 | Zot:5    | Noticed an ancient lich
 64284 | Zot:5    | Noticed a dread lich
 64296 | Zot:5    | Reached skill level 10 in Dodging
 64301 | Zot:5    | Killed a dread lich
 64306 | Zot:5    | Killed an ancient lich
 64309 | Zot:5    | Noticed an orb of fire
 64313 | Zot:5    | Gained mutation: You are weak. (Str -2) [an orb of fire]
 64315 | Zot:5    | Gained mutation: Your body sometimes deteriorates upon
                  | taking damage. [an orb of fire]
 64316 | Zot:5    | Lost mutation: You are weak. (Str -2) [an orb of fire]
 64331 | Zot:5    | Killed an orb of fire
 64338 | Zot:5    | Noticed an orb of fire
 64362 | Zot:5    | Gained mutation: You occasionally lose the ability to read
                  | scrolls when taking damage. [an orb of fire]
 64368 | Zot:5    | Killed an orb of fire
 64471 | Zot:5    | Reached skill level 15 in Spellcasting
 64473 | Zot:5    | Got the Orb of Zot
 64720 | Zot:2    | Noticed Xesk the pandemonium lord
 65175 | D:10     | Noticed Kokagity the pandemonium lord
 65336 | D:$      | Escaped with the Orb!

Illustrated notes

Levels and vault maps discovered:
D:1:      zelgadis_glass_arrival_small, layout_loops_cross, serial_shops,
          nicolae_shop_waterfront, shop, shop, nicolae_shop_waterfront
D:2:      layout_basic, serial_forest, infiniplex_forest_clump_curved,
          infiniplex_forest_lined_ring, infiniplex_forest_fountain,
          infiniplex_forest_lined_2, infiniplex_forest_end_1,
          infiniplex_forest_end_3, infiniplex_forest_straight_1,
          infiniplex_forest_clump_curved
D:3:      layout_basic, kennysheep_nondescript, hex_tiny,
          kennysheep_generic_room_6, uniq_crazy_yiuf_cottage, uniq_natasha
D:4:      layout_loops_ring, mainiacjoe_overflow_brackets, uniq_duvessa,
          uniq_edmund
D:5:      kennysheep_steamy, layout_gridville, uniq_eustachio
D:6:      kennysheep_slugbush, layout_basic,
          nicolae_overflow_hallway_of_the_gods, minmay_temple_entry_overgrown,
          lightli_minifort
D:7:      layout_rooms, nicolae_tso_swordbearing_angel, serial_shops,
          nicolae_shop_behind_doors, enter_bailey_2
D:8:      layout_basic
D:9:      cheibrodos_two_vegetables, layout_irregular_city,
          hellmonk_lair_entry_icy
D:10:     layout_rooms, mainiacjoe_overflow_24_doors,
          nemelex_xobeh_ov_fountains_minmay, nicolae_demonic_statue_gallery
D:11:     minmay_the_grid_octo_tiled_squarecenter [minmay_the_grid_octo_clover,
          minmay_the_grid_octo_horde, minmay_the_grid_octo_vomiting_pacman,
          minmay_the_grid_octo_chip,
          minmay_the_grid_square_5x5_megaprize_diamond,
          minmay_the_grid_square_5x5_minibox,
          minmay_the_grid_square_5x5_three_walls,
          minmay_the_grid_square_5x5_two_walls_a,
          minmay_the_grid_square_5x5_longway], layout_basic,
          portal_ice_cave_entry_pillars_1
D:12:     layout_long_grid, gammafunk_ghost_ooze,
          minmay_shop_enchanted_jewellery, nicolae_elyvilon_temple_path,
          uniq_azrael, uniq_urug
D:13:     layout_long_grid, serial_shops, nicolae_shop_back_alley_shop,
          nrook_campfire, minivault_19, eino_house_with_fridge
D:14:     layout_long_grid, david_vaults_5, hangedman_decor_diamond_cutter
D:15:     grunt_enter_depths_magical_seal, layout_basic, enter_trove_5,
          hangedman_cracks_in_the_wall
Temple:   nicolae_temple_god_jail
Lair:1:   layout_regular_city
Lair:2:   layout_regular_city, swamp_mist, nicolae_spider_entry_lesser_pyramids,
          basic_altar, beast_lair_carwin_5
Lair:3:   layout_cave_pods, basic_altar, nzn_ghost_randoct, st_stairs_11,
          beast_lair_carwin_2, lemuel_fruit_tree
Lair:4:   layout_layer_cave, dreamdust_mushroom_princess
Lair:5:   grunt_lair_end_beastmaster, layout_cave_pods, slime_entry_2,
          kennysheep_basilisk_garden, uniq_nessos
Swamp:1:  layout_falls_marsh, nicolae_swamp_ascending_descending_big,
          swamp_pool_1_2, cheibrodos_swamp_witchery
Swamp:2:  layout_basic_swamp, evilmike_swamp_ruin_house_1
Swamp:3:  layout_basic_swamp, nicolae_swamp_dense_foliage,
          infiniplex_staircase_pool
Swamp:4:  swamp, layout_basic_swamp
Spider:1: layout_spider_delve, uniq_rupert
Spider:2: layout_spider_delve, nicolae_spider_cling_halls
Spider:3: layout_spider_delve, uniq_mara
Spider:4: grunt_spider_rune_circles, uniq_arachne, uniq_mlioglotl
Slime:1:  nicolae_slime_pool, layout_caves
Slime:2:  nicolae_slime_jelly_donut, layout_caves
Slime:3:  layout_caves, nicolae_slime_welcoming_committee
Slime:4:  layout_caves
Slime:5:  slime_pit
Orc:1:    layout_diamond_mine, serial_shops, nicolae_shop_gaudy_bauble
Orc:2:    st_orc_mages, layout_caves, nicolae_orc_flooded_monolith,
          minmay_orc_temple_b
Elf:1:    eino_elf_arrival_the_gate, layout_loops_cross,
          nicolae_elf_blasts_and_bolts, uniq_jorgrun, uniq_kirke
Elf:2:    nicolae_elf_blades_crystal_corner, layout_rooms,
          nicolae_shop_i_like_small_books_too
Elf:3:    minmay_elf_hall_statues, layout_geoelf_octagon, serial_shops, shop,
          minmay_librarian
Vaults:1: st_smaller_cells, nicolae_vaults_hexular_roomagon,
          nicolae_vaults_network_quincunx
          [nicolae_vaults_network_quincunx_subvault,
          nicolae_vaults_network_quincunx_subvault,
          nicolae_vaults_network_quincunx_subvault,
          nicolae_vaults_network_quincunx_subvault,
          nicolae_vaults_network_quincunx_subvault], v_rooms_6,
          nicolae_vaults_little_ls, nicolae_vaults_angled_halls,
          nicolae_vaults_network_square, nicolae_vaults_little_squares_6,
          vaults_standard_mumra_lines, nicolae_vaults_variable_pillar_hall,
          nicolae_vaults_rhombus_6, hangedman_vaults_hat,
          nicolae_vaults_weapon_check, layout_vaults_omnicross
Vaults:2: portal_desolation_entry_nicolae_nacl, nicolae_vaults_six-pack,
          nicolae_vaults_prndl, v_misc_9, nicolae_vaults_trapezoid_2,
          nicolae_vaults_network_periphery, nicolae_vaults_house_1, v_misc_4,
          nicolae_vaults_tetromino_L_1, nicolae_vaults_house_1,
          layout_vaults_omnigrid, blue_anna_dwarven_crypt
Vaults:3: vaults_mumra_lcd, v_misc_33, nicolae_vaults_big_angled_halls,
          nicolae_vaults_heart-shaped_vault, vaults_mumra_minichess,
          nicolae_vaults_mini_display_case, ontoclasm_vaults_shuriken,
          st_octagons_1, vaults_mumra_hexcomb, nicolae_vaults_little_squares_2,
          layout_vaults_maze_snakey, uniq_margery
Vaults:4: nicolae_vaults_turnstiles, vaults_room_octagon,
          nicolae_vaults_tetromino_Z_1, v_rooms_5, nicolae_vaults_stepped_doors,
          nicolae_vaults_tetromino_L_1, nicolae_vaults_spaceships, v_misc_30,
          grunt_vaults_focal, grunt_tower_of_power, nicolae_vaults_octothorpe,
          ontoclasm_vaults_chip, v_alt_pattern_4, layout_vaults_omnibox,
          uniq_jory, uniq_mennas
Vaults:5: serial_shops, uniq_sojobo
Crypt:1:  layout_gridlike
Crypt:2:  grunt_deathspiral_small, layout_gridlike,
          serial_library_regret_index_closets, grunt_ministairs_5,
          corexii_leaking_fountain, nicolae_crypt_ancient_font,
          nicolae_elevator_lobby_plus
Crypt:3:  evilmike_haunted_forest
Depths:1: layout_cave_shapes, hangedman_coc_ice_floe,
          chequers_serial_rivers_small_a, minmay_crystal_room,
          chequers_serial_rivers_room_a, nicolae_wu_jian_wuxing_cycle
Depths:2: grunt_twist_and_shout, layout_basic, pan_entry, hell_entry
Depths:3: lemuel_river_lethe, abyss_entry, hell_entry, pan_entry,
          uniq_josephina, uniq_norris, uniq_parghit
Depths:4: evilmike_zot_entry_gauntlet, layout_gridlike, enter_ziggurat_e,
          hell_entry, good_gods_mini_temple, grunt_ministairs_14
Hell
Zot:1:    layout_gridlike, zot_minivault_1
Zot:2:    layout_misc_corridors, hangedman_zot_wheel_spokes, uniq_tiamat,
          uniq_grunn, uniq_vv
Zot:3:    layout_twisted_circle
Zot:4:    layout_misc_corridors
Zot:5:    layout_twisted_circle

Skill      XL: |  1  2  3  4  5  6  7  8  9 10 11 12 13 14 15 16 17 18 19 20 21 22 23 24 25 26 27 |
---------------+----------------------------------------------------------------------------------+-----
Alchemy        | 4 5 6 9 12 13 14 15 17 | 17.3
Air Magic      | 1 2 3 |  3.0
Conjurations   | 2 3 5 7 9 11 | 11.3
Spellcasting   | 3 5 6 8 9 11 13 15 | 15.3
Fire Magic     | 4 6 7 8 |  8.0
Fighting       | 2 5 7 9 11 14 16 17 | 17.8
Polearms       | 2 3 5 7 9 11 12 14 | 14.0
Armour         | 1 2 8 9 10 13 14 | 14.0
Shields        | 7 9 11 12 13 16 17 18 19 21 | 21.4
Dodging        | 3 4 9 12 | 12.1
Invocations    | 10 12 14 16 | 16.7
Stealth        | 4 9 |  9.0
Translocations | 2 8 9 12 13 | 13.0
Hexes          | 5 8 |  8.0
Evocations     | 8 10 | 10.0
Earth Magic    | 1 8 |  8.4

Action                     |  1- 3 |  4- 6 |  7- 9 | 10-12 | 13-15 | 16-18 | 19-21 | 22-24 | 25-27 || total
---------------------------+-------+-------+-------+-------+-------+-------+-------+-------+-------++-------
  Melee: Unarmed           |    14 |       |       |       |       |       |       |       |       ||    14
         Dagger            |     9 |       |       |       |       |       |       |       |       ||     9
         Spear             |    24 |    44 |   109 |    29 |       |       |       |       |       ||   206
         Punch             |       |       |     3 |     1 |     1 |       |       |       |       ||     5
         Trident           |       |       |       |   138 |   384 |   463 |   594 |   129 |       ||  1708
         Constrict         |       |       |       |       |    57 |    82 |   113 |    86 |   148 ||   486
         Demon trident     |       |       |       |       |       |       |       |   681 |  1677 ||  2358
  Throw: Javelin           |       |     1 |       |       |       |       |       |       |       ||     1
   Cast: Sting             |    23 |    25 |    33 |    22 |    24 |     2 |     1 |       |       ||   130
         Mercury Vapours   |    15 |    13 |     3 |     2 |    10 |     2 |       |       |       ||    45
         Olgreb's Toxic Ra |       |     2 |    27 |    62 |   174 |   162 |   155 |   143 |    66 ||   791
         Mephitic Cloud    |       |     1 |    12 |    17 |    22 |    32 |    43 |     9 |     3 ||   139
         Sticky Flame      |       |       |     3 |    19 |    21 |    24 |     1 |       |     6 ||    74
         Irradiate         |       |       |       |     1 |     8 |    25 |    19 |    12 |    20 ||    85
         Ignite Poison     |       |       |       |       |    22 |    86 |   106 |    74 |    43 ||   331
         Eringya's Noxious |       |       |       |       |       |       |       |    19 |    22 ||    41
         Yara's Violent Un |       |       |       |       |       |       |       |    12 |    11 ||    23
         Iskenderun's Myst |       |       |       |       |       |       |       |    10 |    19 ||    29
         Dispersal         |       |       |       |       |       |       |       |       |     8 ||     8
         Apportation       |       |       |       |       |       |       |       |       |     1 ||     1
         Leda's Liquefacti |       |       |       |       |       |       |       |       |     5 ||     5
 Invoke: Ancestor Life: Kn |       |       |       |     1 |       |       |       |       |       ||     1
         Recall Ancestor   |       |       |       |     3 |     4 |     3 |     6 |     2 |    15 ||    33
         Idealise          |       |       |       |       |     1 |       |     1 |     7 |     8 ||    17
Ability: Spit Poison       |    26 |    21 |    20 |    18 |    42 |    14 |    34 |    22 |     3 ||   200
  Evoke: Wand              |       |       |       |     2 |     3 |     2 |     3 |     6 |     7 ||    23
         Tin of tremorston |       |       |       |       |     1 |       |       |     1 |     3 ||     5
         Phantom mirror    |       |       |       |       |       |     1 |     1 |     2 |     1 ||     5
         Lightning rod     |       |       |       |       |       |       |     3 |     3 |     5 ||    11
         Box of beasts     |       |       |       |       |       |       |     1 |       |     1 ||     2
    Use: Scroll            |     8 |     2 |     4 |     8 |     7 |     4 |    10 |    15 |    14 ||    72
         Potion            |       |       |     2 |     8 |     1 |     2 |     6 |     1 |    14 ||    34
   Stab: Sleeping          |     1 |       |     3 |     1 |     4 |     9 |    12 |    13 |    10 ||    53
         Distracted        |       |     1 |       |     1 |     4 |     5 |    10 |     9 |    39 ||    69
         Confused          |       |       |     3 |     4 |     2 |     2 |       |       |       ||    11
         Invisible         |       |       |       |       |       |       |     4 |       |     8 ||    12
 Armour: Robe              |    27 |    22 |    49 |       |    18 |   358 |   315 |   463 |   845 ||  2097
         Skin              |       |       |    32 |       |       |       |       |       |       ||    32
         Steam dragon scal |       |       |    36 |   146 |       |       |       |       |       ||   182
         Ring mail         |       |       |       |       |   297 |       |       |       |       ||   297
  Dodge: Dodged            |    20 |    20 |    67 |    57 |    59 |    56 |    65 |    84 |   193 ||   621
  Block: Kite shield       |       |       |       |       |    78 |       |       |       |       ||    78
         Tower shield      |       |       |       |       |    93 |   553 |   499 |   551 |  1288 ||  2984

Table legend: (Time is in decaauts)
 A = Elapsed time spent in this place.
 B = Non-inter-level travel time spent in this place.
 C = Inter-level travel time spent in this place.
 D = Time resting spent in this place.
 E = Time spent auto-exploring this place.
 F = Levels seen in this place.
 G = Mean time per level.
                   A        B        C        D        E       F      G
               +--------+--------+--------+--------+--------+-----+--------+
         Total |  80886 |  71237 |   9649 |  12927 |  32530 |  60 | 1348.1 |
       Dungeon |  25027 |  20862 |   4165 |   3119 |  11394 |  15 | 1668.5 |
        Temple |     38 |     22 |     16 |      0 |      0 |   1 |   38.0 |
          Lair |   8344 |   7262 |   1082 |    900 |   4466 |   5 | 1668.8 |
         Swamp |   3044 |   2845 |    199 |     82 |   1909 |   4 |  761.0 |
   Spider Nest |   6786 |   6116 |    670 |   1976 |   2378 |   4 | 1696.5 |
    Slime Pits |    739 |    648 |     91 |    181 |      0 |   5 |  147.8 |
  Orcish Mines |   3104 |   2511 |    593 |    446 |    872 |   2 | 1552.0 |
   Elven Halls |   3678 |   3521 |    157 |    347 |   1309 |   3 | 1226.0 |
        Vaults |  13594 |  12238 |   1356 |   3383 |   4861 |   5 | 2718.8 |
         Crypt |   4693 |   4486 |    207 |    299 |   2412 |   3 | 1564.3 |
        Depths |   6366 |   5330 |   1036 |    639 |   2117 |   4 | 1591.5 |
          Hell |     24 |     24 |      0 |      0 |      0 |   1 |   24.0 |
           Zot |   1894 |   1822 |     72 |    488 |      0 |   5 |  378.8 |
        Bailey |    680 |    680 |      0 |    262 |    135 |   1 |  680.0 |
      Ice Cave |    647 |    647 |      0 |    135 |     83 |   1 |  647.0 |
    Desolation |   2220 |   2220 |      0 |    668 |    589 |   1 | 2220.0 |
               +--------+--------+--------+--------+--------+-----+--------+

Top non-repeatable levels by time:
Vaults:3: 3290 daAuts
Vaults:2: 2802 daAuts
Vaults:4: 2672 daAuts
Spider:4: 2524 daAuts
Vaults:1: 2439 daAuts
    D:14: 2411 daAuts
Vaults:5: 2390 daAuts
   Orc:2: 2325 daAuts
Desolation: 2220 daAuts
  Lair:5: 2203 daAuts
 Crypt:3: 2198 daAuts
    D:15: 2152 daAuts
     D:6: 2090 daAuts
Depths:3: 2042 daAuts
     D:2: 1976 daAuts
